[Event "Titled Tuesday Blitz November 29 Late 2022"]
[White "Zhigalko, Sergei"]
[Black "Abasov, Nijat"]
[WhiteFideId "13502956"]
[BlackFideId "13402960"]
[WhiteElo "2662"]
[BlackElo "2546"]
[Result "0-1"]
[Round "09"]
[TimeControl "180+1"]
[Date "2022.11.30"]
[WhiteClock "0:00:01"]
[BlackClock "0:01:08"]

1. e4 c5 2. c3 Nf6 3. e5 Nd5 4. Nf3 Nc6 5. Bc4 Nb6 6. Bb3 c4 7. Bc2 d6 8. exd6 Qxd6 9. O-O Bg4 10. Re1 e6 11. b3 Be7 12. Na3 cxb3 13. axb3 O-O 14. Nc4 Nxc4 15. bxc4 Ne5 16. Rxe5 Bxf3 17. Qe1 Bc6 18. d4 Rfe8 19. Bf4 Qd7 20. d5 exd5 21. cxd5 Bxd5 22. Bf5 Qc7 23. Bxh7+ Kf8 24. Be4 Bd6 25. Rxd5 Bxf4 26. g3 Be5 27. Rc1 Qc4 0-1


[Site "https://www.chess.com"]

[Event "Titled Tuesday Blitz November 29 Late 2022"]
[White "chess50years"]
[Black "Petrovic, Aleksa"]
[BlackFideId "967629"]
[WhiteElo "2179"]
[BlackElo "2224"]
[Result "0-1"]
[Round "09"]
[TimeControl "180+1"]
[Date "2022.11.30"]
[WhiteClock "0:00:30"]
[BlackClock "0:00:19"]

1. d4 Nf6 2. c4 e6 3. Nc3 Bb4 4. Bg5 h6 5. Bxf6 Bxc3+ 6. bxc3 Qxf6 7. e3 b6 8. Nf3 Bb7 9. Be2 O-O 10. O-O d6 11. Nd2 Nd7 12. Bf3 Bxf3 13. Qxf3 Qxf3 14. Nxf3 c5 15. a4 Rfc8 16. Nd2 cxd4 17. cxd4 Nf6 18. a5 d5 19. Rfc1 dxc4 20. Nxc4 bxa5 21. Nxa5 Nd5 22. g3 Kf8 23. Kf1 Ke7 24. Nc6+ Kd6 25. Ne5 f6 26. Nd3 Rxc1+ 27. Rxc1 a5 28. Ra1 a4 29. Ra3 Nb6 30. Nc5 Kc6 31. Nxe6 Nc4 32. Ra2 a3 33. Nc5 Kb5 34. Nd3 Ka4 35. Nc5+ Kb4 36. Ke2 Na5 37. Kd3 Nb3 38. Kc2 Nxc5 39. dxc5 Kxc5 40. Kb3 Kd5 41. Rxa3 Rxa3+ 42. Kxa3 Ke4 43. Kb3 Kf3 44. Kc4 Kxf2 45. Kd4 Kg2 46. Ke4 Kxh2 47. g4 Kg3 48. Kf5 Kf3 49. e4 g5 50. Kxf6 Kxe4 51. Kg6 Kf3 52. Kh5 Kf4 53. Kxh6 Kxg4 0-1


[Site "https://www.chess.com"]

[Event "Titled Tuesday Blitz November 29 Late 2022"]
[White "Abasov, Nijat"]
[Black "Bok, Benjamin"]
[WhiteFideId "13402960"]
[BlackFideId "1017063"]
[WhiteElo "2546"]
[BlackElo "2658"]
[Result "0-1"]
[Round "10"]
[TimeControl "180+1"]
[Date "2022.11.30"]
[WhiteClock "0:00:07"]
[BlackClock "0:00:39"]

1. d4 Nf6 2. Nf3 d5 3. Bf4 c5 4. e3 Nc6 5. Nbd2 cxd4 6. exd4 Qb6 7. Nb3 Bf5 8. Bd3 Bxd3 9. Qxd3 e6 10. O-O a5 11. a4 Qa6 12. Qb5 Be7 13. c3 O-O 14. Rfe1 Rfc8 15. h3 h6 16. Nc1 Ne4 17. Nd3 Nd6 18. Bxd6 Bxd6 19. g3 b6 20. Qxa6 Rxa6 21. Kg2 Rb8 22. h4 g6 23. Kf1 Kf8 24. Ke2 f6 25. Kd2 Kf7 26. Re2 Ra7 27. g4 Re8 28. g5 hxg5 29. hxg5 e5 30. dxe5 fxe5 31. Rh1 e4 32. Rh7+ Kg8 33. Rxa7 Nxa7 34. Nd4 Kf7 35. Ne1 Bf4+ 36. Kc2 Bxg5 37. f4 Bf6 38. Rd2 Bxd4 39. Rxd4 Ke6 40. Ng2 Nc6 41. Rd2 Rh8 42. Ne3 Ne7 43. Rg2 Rh3 44. Kd2 Rf3 45. Rg4 Rf2+ 46. Ke1 Rxb2 47. Rg5 Ra2 48. Re5+ Kd6 49. c4 d4 50. Nd5 Nxd5 51. Rxd5+ Ke6 52. Rxd4 Kf5 53. Rd6 Rxa4 54. Rc6 Kxf4 55. Rxb6 Rxc4 0-1


[Site "https://www.chess.com"]

[Event "Titled Tuesday Blitz November 29 Late 2022"]
[White "Adewumi, Tanitoluwa"]
[Black "Arbunic Castro, Giovanna"]
[WhiteFideId "30966396"]
[BlackFideId "3400549"]
[WhiteElo "2534"]
[BlackElo "1924"]
[Result "1-0"]
[Round "10"]
[TimeControl "180+1"]
[Date "2022.11.30"]
[WhiteClock "0:00:04"]
[BlackClock "0:00:33"]

1. e4 g6 2. d4 Bg7 3. Nf3 c5 4. dxc5 Qa5+ 5. Nc3 Qxc5 6. Be3 Qc7 7. Nd5 Qd8 8. Bd4 f6 9. Bc4 e6 10. Ne3 Nc6 11. Bc3 Nge7 12. O-O a6 13. Qd6 b5 14. Bb3 b4 15. Bxb4 Bf8 16. Bc3 Nd5 17. Qg3 Nxc3 18. bxc3 Be7 19. Rad1 d6 20. Nc4 d5 21. exd5 exd5 22. Rfe1 O-O 23. Rxd5 Qe8 24. Nd6 Bxd6 25. Rxe8 Rxe8 26. Rxd6+ Kg7 27. Rxc6 Bb7 28. Rc7+ Kh8 29. Qh4 Re7 30. Rxe7 h5 31. Qxf6# 1-0


[Site "https://www.chess.com"]

[Event "Titled Tuesday Blitz November 29 Late 2022"]
[White "Aghasiyev, Kamal"]
[Black "Jaracz, Pawel"]
[WhiteFideId "13402854"]
[BlackFideId "1102222"]
[WhiteElo "2341"]
[BlackElo "2459"]
[Result "1/2-1/2"]
[Round "10"]
[TimeControl "180+1"]
[Date "2022.11.30"]
[WhiteClock "0:00:06"]
[BlackClock "0:00:12"]

1. d4 d5 2. c4 e6 3. Nc3 Be7 4. Nf3 Nf6 5. Bg5 Nbd7 6. e3 O-O 7. Bd3 h6 8. Bh4 c5 9. O-O cxd4 10. exd4 dxc4 11. Bxc4 Nb6 12. Bb3 Bd7 13. Qe2 Bc6 14. Rad1 Bd5 15. Nxd5 Nfxd5 16. Bg3 Bf6 17. Ne5 Ne7 18. Qe4 Nbd5 19. Nd3 Nf5 20. Be5 g6 21. Bxd5 exd5 22. Qf3 Bxe5 23. dxe5 Rc8 24. Rfe1 Nd4 25. Qh3 Qg5 26. f4 Qf5 27. Qxf5 Nxf5 28. Rc1 h5 29. Kf2 d4 30. Kf3 Rfe8 31. Rxc8 Rxc8 32. Rc1 Rxc1 33. Nxc1 Ne3 34. b3 f5 35. exf6 Kf7 36. Ne2 Nc2 37. Ke4 d3 38. Kxd3 Nb4+ 39. Kc4 Nxa2 40. b4 Kxf6 41. b5 a5 42. bxa6 bxa6 43. Kb3 Kf5 44. Kxa2 Ke4 45. Kb3 Ke3 46. f5 gxf5 47. Ng3 Kf2 48. Nxf5 Kxg2 49. h4 Kf3 50. Ng7 Kg4 51. Nxh5 Kxh5 52. Kb4 Kxh4 53. Ka5 Kg4 54. Kxa6 1/2-1/2


[Site "https://www.chess.com"]

[Event "Titled Tuesday Blitz November 29 Late 2022"]
[White "Aldokhin, Ivan"]
[Black "Putnam, Liam"]
[WhiteFideId "24115720"]
[BlackFideId "30938279"]
[WhiteElo "2313"]
[BlackElo "2082"]
[Result "0-1"]
[Round "10"]
[TimeControl "180+1"]
[Date "2022.11.30"]
[WhiteClock "0:00:02"]
[BlackClock "0:01:30"]

1. e4 e6 2. d4 d5 3. Nd2 Nf6 4. e5 Nfd7 5. c3 c5 6. f4 Nc6 7. Ne2 f6 8. Nf3 cxd4 9. cxd4 fxe5 10. fxe5 Bb4+ 11. Kf2 O-O 12. Nf4 Qe7 13. a3 Ba5 14. h4 Bb6 15. Kg3 Nxd4 16. Nxd4 Nxe5 17. Be2 Bc7 18. Rf1 Ng6 19. Qd2 Qxh4+ 20. Kf3 Rxf4+ 21. Ke3 Re4+ 22. Kd3 Rxd4+ 23. Kc2 Rxd2+ 0-1


[Site "https://www.chess.com"]

[Event "Titled Tuesday Blitz November 29 Late 2022"]
[White "Annaberdiyev, Babageldi"]
[Black "Abdyzhapar, Asylbek"]
[WhiteFideId "14000385"]
[BlackFideId "13800337"]
[WhiteElo "2332"]
[BlackElo "2323"]
[Result "1-0"]
[Round "10"]
[TimeControl "180+1"]
[Date "2022.11.30"]
[WhiteClock "0:00:13"]
[BlackClock "0:00:06"]

1. e4 e5 2. Nf3 Nc6 3. Bc4 Bc5 4. c3 d6 5. d4 exd4 6. cxd4 Bb4+ 7. Nc3 Nf6 8. O-O O-O 9. Nd5 Nxd5 10. exd5 Ne7 11. Qa4 c5 12. a3 Ba5 13. dxc5 dxc5 14. d6 Nc6 15. Bf4 a6 16. Bd5 Bd7 17. Qc2 h6 18. Bxh6 Qf6 19. Be3 Rac8 20. Rad1 Rfe8 21. Ng5 Bf5 22. Qa4 Rxe3 23. Bxf7+ Kf8 24. Qh4 Rh3 25. gxh3 Qh6 26. Qf4 Qf6 27. d7 Rd8 28. Rfe1 Bxe1 29. Rxe1 Ne7 30. Ba2 Ng6 31. Re8+ Rxe8 32. dxe8=Q+ Kxe8 33. Qb8+ Ke7 34. Qc7+ Bd7 35. Qxc5+ Kd8 36. Nf7+ Ke8 37. Qc7 Bc6 38. Qc8+ Ke7 39. Qd8# 1-0


[Site "https://www.chess.com"]

[Event "Titled Tuesday Blitz November 29 Late 2022"]
[White "Battlecruiser_Operational"]
[Black "Mickiewicz, Piotr"]
[BlackFideId "1114891"]
[WhiteElo "2189"]
[BlackElo "2246"]
[Result "1-0"]
[Round "10"]
[TimeControl "180+1"]
[Date "2022.11.30"]
[WhiteClock "0:00:10"]
[BlackClock "0:00:03"]

1. d4 Nf6 2. c4 c5 3. d5 d6 4. Nc3 g6 5. e4 Bg7 6. Nf3 O-O 7. Be2 b5 8. cxb5 a6 9. b6 Qxb6 10. Nd2 Qc7 11. O-O Nbd7 12. Nc4 Nb6 13. Ne3 Nfd7 14. a4 Rb8 15. a5 Na8 16. Ra2 Rb4 17. Qc2 Qb8 18. Bd2 Nc7 19. Na4 Rb7 20. Nc4 Nb5 21. Bd3 Ne5 22. Nxe5 Bxe5 23. Nb6 Nd4 24. Qd1 Ra7 25. b4 f5 26. bxc5 fxe4 27. Bxe4 dxc5 28. g3 Bh3 29. Re1 Bd6 30. Bc3 e5 31. dxe6 Bxe6 32. Rd2 Bb3 33. Qg4 Be5 34. Nd5 Raf7 35. f4 Bg7 36. Bg2 Nf5 37. Bxg7 Kxg7 38. Qf3 c4 39. Qc3+ Kg8 40. Be4 Qa7+ 41. Kg2 Nd6 42. Bf3 Nb5 43. Qe5 c3 44. Rd3 Bc4 45. Rde3 c2 46. Ne7+ Rxe7 47. Qxe7 Qxe7 48. Rxe7 Nd4 49. Be4 1-0


[Site "https://www.chess.com"]

[Event "Titled Tuesday Blitz November 29 Late 2022"]
[White "Bluebaum, Matthias"]
[Black "Kobo, Ori"]
[WhiteFideId "24651516"]
[BlackFideId "2812320"]
[WhiteElo "2633"]
[BlackElo "2447"]
[Result "1-0"]
[Round "10"]
[TimeControl "180+1"]
[Date "2022.11.30"]
[WhiteClock "0:00:29"]
[BlackClock "0:00:03"]

1. d4 Nf6 2. c4 g6 3. Nc3 Bg7 4. e4 d6 5. Nf3 O-O 6. Be2 e5 7. Be3 exd4 8. Nxd4 Re8 9. f3 c6 10. Qd2 d5 11. exd5 cxd5 12. O-O Nc6 13. Rad1 Nxd4 14. Bxd4 dxc4 15. Bxc4 Be6 16. Bb5 Rf8 17. Qf2 Qc7 18. Bxa7 Nh5 19. Bb6 Qc8 20. a4 Bb3 21. Rd7 Bxc3 22. Rc7 Qe6 23. Rxc3 Bxa4 24. Bc4 Qd7 25. Rd3 Qc8 26. Rc1 Bc6 27. Qd4 Qf5 28. Re3 Rfe8 29. Rce1 Rxe3 30. Qxe3 Nf4 31. Bd4 Qg5 32. g3 Ne6 33. f4 Qf5 34. Bc3 h5 35. Bxe6 fxe6 36. Qxe6+ Qxe6 37. Rxe6 Be8 38. Re7 Bf7 39. Rxb7 Rd8 40. Kf2 Kf8 41. b4 Rd3 42. Be5 Rd2+ 43. Ke3 Rxh2 44. b5 Rg2 45. f5 gxf5 46. b6 Rg1 47. Rxf7+ Kxf7 48. b7 Rb1 49. b8=Q Rxb8 50. Bxb8 Kg6 51. Kf4 Kf6 52. Bc7 Kg6 53. Bd8 1-0


[Site "https://www.chess.com"]

[Event "Titled Tuesday Blitz November 29 Late 2022"]
[White "Buchenau, Frank"]
[Black "Toniutti, Ezio"]
[WhiteFideId "4604350"]
[BlackFideId "113034"]
[WhiteElo "2157"]
[BlackElo "2215"]
[Result "1-0"]
[Round "10"]
[TimeControl "180+1"]
[Date "2022.11.30"]
[WhiteClock "0:00:25"]
[BlackClock "0:00:13"]

1. e4 e5 2. Bc4 Nf6 3. d3 Nc6 4. Nf3 Be7 5. O-O O-O 6. Re1 d6 7. a4 Be6 8. Nbd2 Qd7 9. a5 a6 10. c3 h6 11. Qb3 Rab8 12. Bxe6 Qxe6 13. Qxe6 fxe6 14. Nc4 Nd7 15. Be3 Nf6 16. b4 Nh5 17. Reb1 Nf4 18. Bxf4 exf4 19. b5 Na7 20. b6 cxb6 21. Nxb6 Bf6 22. Nd7 Bxc3 23. Ra3 Rbc8 24. Nxf8 Kxf8 25. Rxb7 Nb5 26. Rb3 Bxa5 27. g3 fxg3 28. hxg3 Bc3 29. Kg2 Rc6 30. Nh4 Bf6 31. Ng6+ Ke8 32. Nf4 d5 33. exd5 exd5 34. Nxd5 Bd4 35. Ne3 Re6 36. Nf5 Re2 37. Nxd4 Nxd4 38. R3b4 Nf5 39. Re4+ Rxe4 40. dxe4 Nd6 41. Rxg7 Nxe4 42. Rg6 a5 43. Ra6 a4 44. Rxa4 Nf6 45. Ra7 Kf8 46. Kf3 Kg8 47. Kf4 Nd5+ 48. Ke5 Nc3 49. f4 Ne2 50. g4 Ng3 51. Kf6 h5 52. Kg6 1-0


[Site "https://www.chess.com"]

[Event "Titled Tuesday Blitz November 29 Late 2022"]
[White "Calcada, Lucas Galvan"]
[Black "Radovanovic, Dusan"]
[WhiteFideId "22746099"]
[BlackFideId "926868"]
[WhiteElo "1523"]
[BlackElo "2341"]
[Result "0-1"]
[Round "10"]
[TimeControl "180+1"]
[Date "2022.11.30"]
[WhiteClock "0:00:38"]
[BlackClock "0:00:52"]

1. e4 c5 2. Nf3 d6 3. d4 cxd4 4. Nxd4 Nf6 5. Nc3 Nc6 6. Nb3 g6 7. Be2 Bg7 8. Be3 O-O 9. g4 Be6 10. g5 Nd7 11. Bg4 Nde5 12. Be2 a5 13. a4 Nb4 14. f4 Nc4 15. Bc1 Rc8 16. Nd4 Bd7 17. Ndb5 Qb6 18. Bd3 Bxb5 19. axb5 Nxb2 20. Bxb2 Bxc3+ 21. Bxc3 Rxc3 22. Qd2 Rfc8 23. h4 Nxc2+ 24. Kf1 Nb4 25. h5 Nxd3 26. hxg6 hxg6 27. Qe2 Rc1+ 0-1


[Site "https://www.chess.com"]

[Event "Titled Tuesday Blitz November 29 Late 2022"]
[White "Carlsen, Magnus"]
[Black "Keymer, Vincent"]
[WhiteFideId "1503014"]
[BlackFideId "12940690"]
[WhiteElo "2830"]
[BlackElo "2600"]
[Result "1-0"]
[Round "10"]
[TimeControl "180+1"]
[Date "2022.11.30"]
[WhiteClock "0:00:17"]
[BlackClock "0:00:04"]

1. Nf3 d5 2. g3 Nf6 3. Bg2 c5 4. O-O e6 5. c4 d4 6. e3 Nc6 7. d3 h6 8. Re1 Bd6 9. exd4 cxd4 10. Na3 O-O 11. Nc2 a5 12. a3 e5 13. Rb1 a4 14. Nb4 Re8 15. Bd2 Bf5 16. h3 Bxb4 17. Bxb4 e4 18. dxe4 Bxe4 19. Rc1 Qd7 20. Qd2 Bxf3 21. Bxf3 Qxh3 22. Bd6 Qf5 23. Qf4 Qxf4 24. Bxf4 Rad8 25. Bc7 Rd7 26. Rxe8+ Nxe8 27. Bb6 Ne5 28. Bd1 Nf6 29. Bxa4 Rd6 30. Bc7 Re6 31. Bxe5 Rxe5 32. Rd1 Re4 33. b4 d3 34. Rxd3 Rxc4 35. Rd8+ Kh7 36. Bb5 Rc7 37. Kg2 g6 38. a4 Ne4 39. Rd7 Rxd7 40. Bxd7 Kg7 41. a5 Kf6 42. Bc8 Nd6 43. Bxb7 Ke7 44. a6 Nb5 45. Bc6 Na7 46. b5 Kd8 47. Be8 Kxe8 48. b6 Nc6 49. a7 1-0


[Site "https://www.chess.com"]

[Event "Titled Tuesday Blitz November 29 Late 2022"]
[White "Chernomordik, Pavel"]
[Black "Sanchez, Robert"]
[WhiteFideId "2804530"]
[BlackFideId "2034360"]
[WhiteElo "2192"]
[BlackElo "2323"]
[Result "0-1"]
[Round "10"]
[TimeControl "180+1"]
[Date "2022.11.30"]
[WhiteClock "0:00:01"]
[BlackClock "0:00:03"]

1. e4 d5 2. exd5 Qxd5 3. Nc3 Qe6+ 4. Be2 Qg6 5. Bf3 Nc6 6. d4 Bf5 7. Be3 O-O-O 8. Rc1 Nb4 9. Nge2 Bxc2 10. Qd2 Nd3+ 11. Kf1 Nxc1 12. Qxc1 Bd3 13. Nd5 Rxd5 14. Bxd5 Nf6 15. Bf3 Qf5 16. h3 e6 17. Kg1 Nd5 18. Ng3 Qf6 19. Kh2 Bd6 20. Re1 h5 21. Kh1 h4 22. Ne4 Bxe4 23. Bxe4 Kb8 24. a3 Rg8 25. Rf1 g5 26. Bf3 Qg6 27. Qb1 f5 28. Bd2 Qf6 29. Bxd5 exd5 30. Qd3 g4 31. Re1 c6 32. Be3 Bc7 33. f4 gxh3 34. gxh3 Rg3 35. Rg1 Rxh3+ 36. Kg2 Rg3+ 37. Kf1 Qg6 38. Bf2 Rxg1+ 39. Bxg1 Qg4 40. Qe3 a6 41. Qe8+ Ka7 42. Qe7 Qxf4+ 43. Kg2 Bb6 0-1


[Site "https://www.chess.com"]

[Event "Titled Tuesday Blitz November 29 Late 2022"]
[White "Chlpik, Martin"]
[Black "Domingo Nunez, Ruben"]
[WhiteFideId "14923351"]
[BlackFideId "22245570"]
[WhiteElo "2109"]
[BlackElo "2406"]
[Result "1-0"]
[Round "10"]
[TimeControl "180+1"]
[Date "2022.11.30"]
[WhiteClock "0:00:05"]
[BlackClock "0:00:18"]

1. d4 g6 2. e4 Bg7 3. Nc3 c6 4. Bf4 d5 5. e5 f6 6. Nf3 Bg4 7. Be2 Bxf3 8. Bxf3 fxe5 9. Bxe5 Bxe5 10. dxe5 Nd7 11. Qe2 Qc7 12. e6 Nc5 13. O-O-O Nf6 14. Qe3 Qd6 15. Rhe1 O-O-O 16. g4 Kb8 17. g5 Ne8 18. Nxd5 cxd5 19. Rxd5 Qxd5 20. Bxd5 Rxd5 21. b4 Na6 22. c4 Rf5 23. Qd4 Nf6 24. gxf6 Rxf6 25. Qe5+ Ka8 26. a3 Rc8 27. c5 Rxf2 28. Rd1 Nb8 29. Rd7 Nc6 30. Qd5 Rf5 31. Qg2 Rcf8 32. Rd1 Rf2 33. Qd5 Rxh2 34. b5 Nb8 35. c6 bxc6 36. bxc6 Rc8 37. c7+ 1-0


[Site "https://www.chess.com"]

[Event "Titled Tuesday Blitz November 29 Late 2022"]
[White "Clawitter, Craig"]
[Black "Shapiro, Daniel"]
[WhiteFideId "2023105"]
[BlackFideId "2001780"]
[WhiteElo "2262"]
[BlackElo "2327"]
[Result "1-0"]
[Round "10"]
[TimeControl "180+1"]
[Date "2022.11.30"]
[WhiteClock "0:00:15"]
[BlackClock "0:00:35"]

1. e4 e5 2. Nf3 Nc6 3. Bb5 a6 4. Ba4 Nf6 5. O-O Be7 6. d3 b5 7. Bb3 Bb7 8. Nc3 h6 9. a4 b4 10. Nd5 Bd6 11. a5 O-O 12. Bd2 Re8 13. Qe1 Rb8 14. Ra4 Nd4 15. Nxf6+ Qxf6 16. Nxd4 exd4 17. Bxb4 c5 18. Bd2 Bc6 19. Ra1 Bf4 20. Bxf4 Qxf4 21. Qc1 Qh4 22. g3 Qh3 23. Qf4 Rbd8 24. Bxf7+ Kh8 25. Bxe8 Rxe8 26. Qf5 Qxf5 27. exf5 Re2 28. Rac1 Bf3 29. Rfe1 Rd2 30. Re7 Bd1 31. Rxd7 Bxc2 32. Rd5 Bxd3 33. Rcxc5 Rd1+ 34. Kg2 Be4+ 35. f3 Rd2+ 36. Kh3 Bxf3 37. Rd8+ Kh7 38. Rcc8 1-0


[Site "https://www.chess.com"]

[Event "Titled Tuesday Blitz November 29 Late 2022"]
[White "Corrales Jimenez, Fidel"]
[Black "Bortnyk, Olexandr"]
[WhiteFideId "3506690"]
[BlackFideId "14120828"]
[WhiteElo "2541"]
[BlackElo "2723"]
[Result "0-1"]
[Round "10"]
[TimeControl "180+1"]
[Date "2022.11.30"]
[WhiteClock "0:00:01"]
[BlackClock "0:00:08"]

1. e4 Nf6 2. e5 Nd5 3. d4 d6 4. c4 Nb6 5. exd6 exd6 6. Nc3 Be7 7. Be3 O-O 8. Bd3 c6 9. b3 Na6 10. Nge2 d5 11. O-O Nc7 12. c5 Nd7 13. Qc2 g6 14. Rae1 Ne6 15. f4 f5 16. g4 Ng7 17. g5 h5 18. gxh6 Nh5 19. Kh1 Ndf6 20. Rg1 Kh7 21. Ng3 Nxg3+ 22. Rxg3 Ne4 23. Nxe4 fxe4 24. Qg2 Bf5 25. Be2 Bh4 26. Rg1 Bxg3 27. hxg3 Kxh6 28. g4 Qh4+ 29. Qh2 Qxh2+ 30. Kxh2 Bd7 31. f5+ Kg7 32. fxg6 Kxg6 33. Kg3 Rh8 34. Bf4 Raf8 35. Be5 Rh7 36. b4 Rhf7 37. Rg2 b5 38. Rh2 Rh7 39. Rh5 Rxh5 40. gxh5+ Kh7 41. Bf4 Rg8+ 42. Kf2 Bg4 43. Bf1 Bxh5 44. Ke3 a6 45. Bh3 Bg4 46. Bf1 Kg6 47. a4 Rh8 48. axb5 axb5 49. Kf2 Kf5 50. Bg3 Ra8 51. Bc7 Ra2+ 52. Kg3 Ra3+ 53. Kh4 e3 54. Bg2 e2 0-1


[Site "https://www.chess.com"]

[Event "Titled Tuesday Blitz November 29 Late 2022"]
[White "Czopor, Maciej"]
[Black "Santos Flores, Alberto"]
[WhiteFideId "21805431"]
[BlackFideId "3601234"]
[WhiteElo "2324"]
[BlackElo "2235"]
[Result "1-0"]
[Round "10"]
[TimeControl "180+1"]
[Date "2022.11.30"]
[WhiteClock "0:00:38"]
[BlackClock "0:00:04"]

1. c4 c6 2. Nf3 d5 3. b3 Bf5 4. Bb2 Nd7 5. g3 Ngf6 6. Bg2 e6 7. d3 h6 8. O-O Be7 9. Nbd2 O-O 10. a3 a5 11. Ra2 Bh7 12. Qa1 b5 13. Nd4 Qb6 14. cxb5 cxb5 15. Rc1 Rfc8 16. a4 b4 17. Nb5 Qb7 18. Bd4 Rxc1+ 19. Qxc1 Rc8 20. Rc2 Rxc2 21. Qxc2 Ne8 22. e4 Nef6 23. Qc7 Qxc7 24. Nxc7 dxe4 25. dxe4 Bc5 26. Nb5 Bxd4 27. Nxd4 Nc5 28. f3 Nfd7 29. Nc6 Nb7 30. Nc4 Ndc5 31. N6xa5 Nxa5 32. Nxa5 f5 33. exf5 Bxf5 34. Bf1 Bc2 35. Bc4 Kf7 36. Kf2 Ke7 37. Ke3 Kd6 38. Kd2 Bf5 39. Bb5 e5 40. Ke3 Bc2 41. Nc6 Bxb3 42. a5 Bd5 43. Nxb4 Ba8 44. Nd3 Nxd3 45. Bxd3 Kc5 46. Be4 Bxe4 47. Kxe4 Kb5 48. Kxe5 1-0


[Site "https://www.chess.com"]

[Event "Titled Tuesday Blitz November 29 Late 2022"]
[White "D`Arruda, Ricardo D."]
[Black "Romero Ruscalleda, Josep"]
[WhiteFideId "100692"]
[BlackFideId "2231859"]
[WhiteElo "2458"]
[BlackElo "2183"]
[Result "1-0"]
[Round "10"]
[TimeControl "180+1"]
[Date "2022.11.30"]
[WhiteClock "0:00:53"]
[BlackClock "0:00:02"]

1. Nf3 g6 2. d4 Bg7 3. e4 d6 4. Nc3 a6 5. Bg5 Nd7 6. Qd2 c5 7. O-O-O Qa5 8. dxc5 Qxc5 9. Nd5 Ngf6 10. Be3 Qc6 11. Nb4 Qa4 12. e5 dxe5 13. Bc4 O-O 14. Bb3 Qa5 15. Kb1 Ne4 16. Qe1 Nec5 17. Nd5 Nxb3 18. Nxe7+ Kh8 19. axb3 Qb5 20. Rd5 Nc5 21. Rxc5 Qd7 22. Nxc8 Raxc8 23. Rxc8 Rxc8 24. Qd2 Qf5 25. Rc1 h6 26. Bxh6 Rc6 27. Bxg7+ Kxg7 28. Qd5 Re6 29. Re1 f6 30. Nh4 1-0


[Site "https://www.chess.com"]

[Event "Titled Tuesday Blitz November 29 Late 2022"]
[White "Deac, Bogdan-Daniel"]
[Black "Nakamura, Hikaru"]
[WhiteFideId "1226380"]
[BlackFideId "2016192"]
[WhiteElo "2648"]
[BlackElo "2909"]
[Result "1/2-1/2"]
[Round "10"]
[TimeControl "180+1"]
[Date "2022.11.30"]
[WhiteClock "0:00:06"]
[BlackClock "0:00:05"]

1. e4 g6 2. d4 d6 3. Nc3 a6 4. Nf3 b5 5. Bd3 Bb7 6. O-O Bg7 7. Re1 Nd7 8. a4 b4 9. Ne2 e5 10. dxe5 dxe5 11. a5 Ngf6 12. Ng3 O-O 13. Bd2 c5 14. c3 bxc3 15. Bxc3 Qe7 16. Bc4 Rfd8 17. Ng5 Rf8 18. Qb3 Bc6 19. Rad1 Ne8 20. Nf3 Nc7 21. Bd5 Rab8 22. Qa2 Bb5 23. Nd2 Rfd8 24. Nc4 Ne6 25. Bxe6 Qxe6 26. b3 Bf8 27. Nf1 Bc6 28. Qc2 f6 29. Nfe3 Rb7 30. Nd5 Rdb8 31. Ndb6 Be7 32. Rd2 Nxb6 33. Nxb6 Bd8 34. b4 Be7 35. bxc5 Bxc5 36. h3 Bb5 37. Qd1 Bf8 38. Rd5 Rc7 39. Qd2 Bc6 40. Rd8 Rxd8 41. Qxd8 Qe7 42. Qxe7 Bxe7 43. Bd2 Bb7 44. f3 Rc2 45. Be3 Bc6 46. Rd1 Kf7 47. Nd5 Bf8 48. Bb6 Bc5+ 49. Bxc5 Rxc5 50. Nb4 Bb5 51. Rd6 Rc1+ 52. Kf2 Ra1 53. Nxa6 Rxa5 54. Nb4 Bc4 55. Rc6 Bb3 56. Rc7+ Kg8 57. Nc6 Ra2+ 58. Kg1 Rd2 59. Ne7+ Kf8 60. Nd5 Bxd5 61. exd5 h5 62. Rd7 h4 63. d6 g5 64. Kf1 Kg8 65. Kg1 Kf8 66. Kf1 Ke8 67. Re7+ Kf8 68. Rd7 1/2-1/2


[Site "https://www.chess.com"]

[Event "Titled Tuesday Blitz November 29 Late 2022"]
[White "Fareh, Youness"]
[Black "De Souza, Cristiano Gomes"]
[WhiteFideId "9000526"]
[BlackFideId "2151758"]
[WhiteElo "1846"]
[BlackElo "2068"]
[Result "1-0"]
[Round "10"]
[TimeControl "180+1"]
[Date "2022.11.30"]
[WhiteClock "0:01:14"]
[BlackClock "0:01:41"]

1. e4 c5 2. Nf3 d6 3. g3 g6 4. Bg2 Bg7 5. O-O Nc6 6. c3 Nf6 7. d3 O-O 8. h3 b5 9. Bg5 Rb8 10. Nbd2 b4 11. c4 Ne8 12. Rb1 Nc7 13. Re1 Ne6 14. Be3 Ncd4 15. Nxd4 Nxd4 16. Bxd4 Bxd4 17. Nf3 Bg7 18. e5 d5 19. b3 Bb7 20. e6 f5 21. Ne5 dxc4 22. Nd7 Bxg2 23. Kxg2 Rb6 24. dxc4 Rd6 25. Qe2 Qa8+ 26. f3 Rd8 27. Rbd1 Qc6 28. h4 Bd4 29. h5 Kg7 30. Rxd4 cxd4 31. Qe5+ Kg8 32. h6 1-0


[Site "https://www.chess.com"]

[Event "Titled Tuesday Blitz November 29 Late 2022"]
[White "Fedoseev, Vladimir"]
[Black "Pap, Gyula"]
[WhiteFideId "24130737"]
[BlackFideId "725323"]
[WhiteElo "2726"]
[BlackElo "2519"]
[Result "1-0"]
[Round "10"]
[TimeControl "180+1"]
[Date "2022.11.30"]
[WhiteClock "0:00:37"]
[BlackClock "0:00:01"]

1. e4 e6 2. d4 d5 3. e5 c5 4. c3 Nc6 5. Nf3 Bd7 6. Be2 f6 7. O-O fxe5 8. Nxe5 Nxe5 9. dxe5 Qc7 10. c4 d4 11. Bf4 O-O-O 12. Nd2 Bc6 13. Bd3 h6 14. Qg4 Qd7 15. h4 g5 16. hxg5 hxg5 17. Bxg5 Be7 18. f4 Nh6 19. Bxh6 Rxh6 20. f5 Rdh8 21. f6 Bf8 22. Kf2 Rh4 23. Qg3 Bh6 24. Ke2 Bxd2 25. Kxd2 Qf7 26. Rf2 Qh5 27. f7 Rf8 28. Qg7 Qh8 29. Qxh8 Rhxh8 30. g4 Rh3 31. g5 1-0


[Site "https://www.chess.com"]

[Event "Titled Tuesday Blitz November 29 Late 2022"]
[White "Gasparyan, David"]
[Black "Barbot, Pierre"]
[WhiteFideId "13311980"]
[BlackFideId "663727"]
[WhiteElo "2369"]
[BlackElo "2439"]
[Result "1-0"]
[Round "10"]
[TimeControl "180+1"]
[Date "2022.11.30"]
[WhiteClock "0:00:39"]
[BlackClock "0:00:04"]

1. Nf3 Nf6 2. c4 e6 3. Nc3 d5 4. cxd5 exd5 5. d4 Bb4 6. Bf4 O-O 7. e3 Bf5 8. Be2 c6 9. O-O Nbd7 10. Qb3 Bxc3 11. bxc3 b5 12. a4 a6 13. h3 Ne4 14. Qb2 Nb6 15. Ne5 Qf6 16. f3 Nd6 17. g4 Bg6 18. g5 Qe6 19. axb5 axb5 20. Kh2 Ndc4 21. Bxc4 Nxc4 22. Nxc4 dxc4 23. e4 f6 24. Rxa8 Rxa8 25. gxf6 Qxf6 26. Be5 Qh4 27. Bg3 Qh5 28. Kg2 Bf7 29. Ra1 Rf8 30. Qe2 Be6 31. h4 Bc8 32. Ra7 Qg6 33. Kh2 Qe6 34. Qg2 g6 35. h5 Rf7 36. Ra8 Rf8 37. hxg6 hxg6 38. Be5 Kf7 39. Ra7+ Ke8 40. Qg3 Rf7 41. Rxf7 Qxf7 42. Qh4 Qxf3 43. Qh8+ Qf8 44. Qh4 Qf3 45. Bd6 Qe2+ 46. Kg1 Qd1+ 47. Kf2 Qd2+ 48. Kf3 Qxc3+ 49. Kf4 Qd2+ 50. Ke5 g5 51. Qh8+ Kf7 52. Qh7+ Ke8 53. Qe7# 1-0


[Site "https://www.chess.com"]